 Dungeon Crawl Stone Soup version 0.28.0-49-g6dfe1f597d (webtiles) character file.

Game seed: 9777215132257558537

1740 nickcage the Carver (level 8, -3/58 HPs)
             Began as a Demonspawn Abyssal Knight on May 17, 2022.
             Was an Elder of Lugonu.
             Killed by nerve-wracking pain
             ... invoked by an orc priest
              (13 damage)
             ... on level 7 of the Dungeon.
             The game lasted 00:16:20 (7949 turns).

nickcage the Carver (Demonspawn Abyssal Knight)     Turns: 7949, Time: 00:16:21

Health: -3/58      AC: 14    Str: 15    XL:     8   Next: 77%
Magic:  9/9        EV: 19    Int: 11    God:    Lugonu [****..]
Gold:   287        SH:  0    Dex: 15    Spells: 7/7 levels left

rFire   + . .      SeeInvis .   e - +6 great sword (elec)
rCold   . . .      Faith    .   (shield currently unavailable)
rNeg    . . .      Spirit   .   i - +0 plate armour
rPois   .          Reflect  .   w - +1 helmet
rElec   .          Harm     .   j - +1 cloak
rCorr   +          Rampage  .   (no gloves)
Will    .....                   (no boots)
Stlth   ..........              g - amulet of the acrobat
HPRegen 0.19/turn               h - ring of protection from fire
MPRegen 0.11/turn               I - ring of resist corrosion

@: acrobatic
A: claws 2, hooves 2
a: Renounce Religion, Depart the Abyss, Bend Space, Banish, Corrupt


You were on level 7 of the Dungeon.
You worshipped Lugonu.
Lugonu was greatly pleased with you.
You visited 1 branch of the dungeon, and saw 7 of its levels.
You visited the Abyss 1 time.
You also visited: Sewer.

You collected 347 gold pieces.
You spent 60 gold pieces at shops.

Inventory:

Hand Weapons
 e - a +6 great sword of electrocution (weapon)
 C - a +1 vampiric long sword
Missiles
 D - 2 poisoned darts (quivered)
Armour
 i - a +0 plate armour (worn)
 j - a +1 cloak (worn)
 w - a +1 helmet (worn)
 E - a +0 cloak
Jewellery
 g - an amulet of the acrobat (around neck)
 h - a ring of protection from fire (left claw)
 I - a ring of resist corrosion (right claw)
Wands
 p - a wand of flame (22)
 v - a wand of acid (11)
 y - a wand of iceblast (10)
Scrolls
 f - a scroll of blinking
 k - 2 scrolls of fear
 o - 4 scrolls of identify
 q - 3 scrolls of teleportation
 s - a scroll of fog
 u - 2 scrolls of immolation
 x - a scroll of enchant armour
Potions
 c - a potion of brilliance
 d - a potion of magic
 m - a potion of cancellation
 r - 2 potions of curing
 t - a potion of heal wounds
 z - a potion of flight
 A - 3 potions of attraction
 B - a potion of ambrosia {unknown}
 F - 2 potions of resistance {unknown}
 G - a potion of might {unknown}


   Skills:
 - Level 3.0 Fighting
 + Level 10.5 Long Blades
 - Level 0.4 Throwing
 - Level 1.7 Armour
 - Level 0.8 Dodging
 - Level 2.4 Invocations


You had 7 spell levels left.
You didn't know any spells.
Your spell library was empty.

Dungeon Overview and Level Annotations

Branches:
Dungeon (7/15)             Temple (0/1) D:6           Sewer (visited)

Altars:

Shops:
D:1 =   D:2 (   D:3 ([?=


Innate Abilities, Weirdness & Mutations

You have very sharp fingernails.
You have hoof-like feet.


Message History

a +0 mace; a +0 hand axe; an orc corpse You closely miss the orc priest.
The orc priest hits you with a +0 hand axe.
You barely miss the orc priest. Your kick misses the orc priest.
The orc priest hits you but does no damage.
The orc priest calls down the wrath of Beogh upon you.
Beogh smites you!
* * * LOW HITPOINT WARNING * * *
An orc wizard comes into view. It is wielding a +0 dagger.
The orc wizard shouts!
You hit the orc priest.
Lightning courses through the orc priest!
You kick the orc priest.
You kill the orc priest!
Lugonu accepts your kill.
You hear a shout! x2
The orc priest hits you but does no damage.
You closely miss the orc priest. Your kick misses the orc priest.
The orc priest hits you with a +2 short sword of freezing.
* * * LOW HITPOINT WARNING * * *
The orc priest freezes you.
* * * LOW HITPOINT WARNING * * *
You hit the orc priest but do no damage.
Your kick misses the orc priest.
An orc comes into view. It is wielding a +0 short sword.
The orc priest hits you with a +2 short sword of freezing.
* * * LOW HITPOINT WARNING * * *
The orc priest freezes you.
* * * LOW HITPOINT WARNING * * *
Blink to where?
Press: ? - help, Dir - move target An orc and an orc wizard come into view.
As you read the scroll of blinking, it crumbles to dust.
The orc shouts!
You hear a shout!
The orc wizard casts a spell at you. The puff of flame misses you.
The orc priest begins to cast a cantrip, but forgets the words!
The orc priest invokes the aid of Beogh against you.
Pain shoots through your body!
You die...

.#.#.#.....# #.# ##.#.#.....#
#.# ##.#.#.....###.#
.#.#.#.#+#.....#
.#.#.#.#.#.##..#
...#.#.#.#.....###
#..#.#.#.........#
#..#.#.#########.#
##.#..........##@####
##...########.#.....#
##...########.#####.#########
##...................o))....#
##..########........o#####.#
##.(##............#.#
#.>..............#o#
######.####...#.##.#
#########.#....#.#o##.#


You could see an orc priest and an orc.

Vanquished Creatures
  A wyvern (D:5)
  Menkaure (D:5)
  A water moccasin (D:6)
  Duvessa (D:5)
  2 ogres (D:5)
  A centaur (D:5)
  A phantom (D:6)
  2 scorpions
  A water moccasin skeleton (D:4)
  Dowan (D:5)
  A bullfrog zombie (D:5)
  2 bullfrog skeletons
  A jelly (D:5)
  Crazy Yiuf (D:5)
  2 hounds
  An orc priest (D:7)
  2 iguanas (D:5)
  An orc wizard (D:3)
  Natasha (twice) (D:4)
  2 hound skeletons
  11 adders
  4 gnolls (D:3)
  A howler monkey skeleton (D:5)
  3 river rats (Sewer)
  A shadow imp (D:6)
  A white imp (D:7)
  An ufetubus (D:5)
  3 worms
  2 dart slugs
  14 orcs
  7 ball pythons
  5 endoplasms
  6 giant cockroaches
  11 goblins
  8 hobgoblins
  4 jackals (D:5)
  2 quokkas
  6 bats
  11 frilled lizards
  7 kobolds
  17 rats
152 creatures vanquished.

Notes
Turn   | Place    | Note
-------+----------+-------------------------------------------
     0 | Abyss:1  | nickcage the Demonspawn Abyssal Knight began the quest for
                  | the Orb.
     0 | Abyss:1  | Reached XP level 1. HP: 18/18 MP: 2/2
     0 | D:1      | Escaped the Abyss
   118 | D:1      | Reached skill level 2 in Long Blades
   206 | D:1      | Reached * piety under Lugonu
   216 | D:1      | Discovered your monstrous ancestry.
   216 | D:1      | Gained mutation: You have large cloven feet. [demonic
                  | ancestry]
   216 | D:1      | Reached XP level 2. HP: 24/24 MP: 3/3
   564 | D:1      | Reached skill level 3 in Long Blades
   909 | D:1      | Found Zesitz's Jewellery Shop.
   915 | D:1      | Reached XP level 3. HP: 29/29 MP: 4/4
  1216 | D:2      | Found Atoggoto's Weapon Emporium.
  1573 | D:2      | Reached ** piety under Lugonu
  1953 | D:3      | Reached skill level 4 in Long Blades
  1953 | D:3      | Reached XP level 4. HP: 29/35 MP: 5/5
  2260 | D:3      | Identified the +3 dagger "Wef Nosh" {venom, Int+4}
  2275 | D:3      | Found Saorueri's Jewellery Shop.
  2333 | D:3      | Found Daegeavo's Magic Scroll Emporium.
  2341 | D:3      | Bought a scroll of fear for 38 gold pieces
  2341 | D:3      | Bought a scroll of identify for 22 gold pieces
  2640 | D:3      | Found a faded altar of an unknown god.
  2644 | D:3      | Found Sidara's Antique Armour Shoppe.
  2691 | D:3      | Found Hiefeyna's Antique Weapon Shoppe.
  3066 | D:3      | Gained mutation: You have sharp fingernails. [demonic
                  | ancestry]
  3066 | D:3      | Reached XP level 5. HP: 41/41 MP: 6/6
  3332 | D:3      | Reached skill level 5 in Long Blades
  4060 | D:4      | Identified a scroll of acquirement
  4060 | D:4      | Acquired a +5 great sword of electrocution
  4206 | D:4      | Reached *** piety under Lugonu
  4207 | D:4      | Gained mutation: You have very sharp fingernails. [demonic
                  | ancestry]
  4207 | D:4      | Reached XP level 6. HP: 47/47 MP: 7/7
  4241 | D:4      | Noticed Natasha
  4252 | D:4      | Killed Natasha
  4300 | D:4      | Found a glowing drain.
  4311 | Sewer    | Entered a sewer
  4472 | Sewer    | Reached skill level 6 in Long Blades
  4971 | D:4      | Noticed Natasha
  4981 | D:4      | Killed Natasha
  5093 | D:4      | Reached **** piety under Lugonu
  5553 | D:5      | Entered Level 5 of the Dungeon
  5607 | D:5      | Reached XP level 7. HP: 49/52 MP: 8/8
  5608 | D:5      | Noticed a wyvern
  5609 | D:5      | Reached skill level 7 in Long Blades
  5625 | D:5      | Reached skill level 8 in Long Blades
  5832 | D:5      | Killed a wyvern
  6007 | D:5      | Gained mutation: You have hoof-like feet. [demonic
                  | ancestry]
  6007 | D:5      | Reached XP level 8. HP: 49/58 MP: 9/9
  6354 | D:5      | Noticed Dowan
  6354 | D:5      | Noticed Duvessa
  6381 | D:5      | Killed Dowan
  6387 | D:5      | Killed Duvessa
  6388 | D:5      | Reached skill level 9 in Long Blades
  6875 | D:5      | Found a runed translucent door.
  6876 | D:5      | Noticed Crazy Yiuf
  6989 | D:5      | Noticed Menkaure
  6994 | D:5      | Killed Menkaure
  7133 | D:5      | Killed Crazy Yiuf
  7379 | D:6      | Found a staircase to the Ecumenical Temple.
  7391 | D:6      | Reached skill level 10 in Long Blades
  7949 | D:7      | Killed from afar by an orc priest

Illustrated notes

Levels and vault maps discovered:
D:1:      lightli_arrival_maybe_door_vault, layout_loops_ring, serial_shops,
          shop, nicolae_wormholes
D:2:      layout_rooms, serial_shops, nicolae_shop_bloodbath_and_beyond,
          st_stairs_6
D:3:      layout_loops_ring, basic_ecumenical_altar, serial_shops,
          nicolae_shop_advertising_works [nicolae_subvault_shop_adworks], shop,
          nicolae_shop_trees, shop, chequers_jeans, roderic_lattice_a,
          minmay_misc_feat_doors
D:4:      layout_loops_corners, cheibrodos_sewer_entry_bend, uniq_natasha
D:5:      layout_loops_ring, minmay_diced_spiral, uniq_duvessa,
          uniq_crazy_yiuf_cottage, uniq_menkaure
D:6:      layout_rooms, minmay_temple_entry_large_hall,
          hangedman_decor_opposing, lemuel_another_geyser
D:7:      layout_basic, kennysheep_generic_room_9

Skill      XL: |  1  2  3  4  5  6  7  8 |
---------------+-------------------------+-----
Long Blades    | 2 3 4 5 6 8 10 | 10.5
Fighting       | |  3.0
Throwing       | |  0.4
Armour         | |  1.7
Dodging        | |  0.8
Invocations    | |  2.4

Action                   |  1- 3 |  4- 6 |  7- 9 || total
-------------------------+-------+-------+-------++-------
Melee: Falchion          |   116 |    89 |       ||   205
       Punch             |     1 |     1 |       ||     2
       Kick              |    19 |    36 |    15 ||    70
       Great sword       |       |    93 |    73 ||   166
Throw: Dart              |       |     3 |     4 ||     7
Invok: Depart the Abyss  |     1 |       |       ||     1
  Use: Scroll            |       |     5 |    11 ||    16
 Stab: Sleeping          |     1 |       |       ||     1
Armor: Leather armour    |    25 |       |       ||    25
       Plate armour      |    19 |   115 |    46 ||   180
Dodge: Dodged            |    52 |    65 |    18 ||   135
